 Dungeon Crawl Stone Soup version 0.29-a0-82-g837932c90e (webtiles) character file.

Game seed: 9166679788122042648

23 flotson the Chopper (level 2, 0/22 HPs)
             Began as a Demonspawn Gladiator on Feb 4, 2022.
             Was a Follower of Ru.
             Succumbed to an adder's poison
             ... on level 1 of the Dungeon.
             The game lasted 00:02:14 (835 turns).

flotson the Chopper (Demonspawn Gladiator)           Turns: 835, Time: 00:02:15

Health: 0/22       AC:  4    Str: 14    XL:     2   Next: 75%
Magic:  2/2        EV: 12    Int:  9    God:    Ru [*.....]
Gold:   28         SH:  0    Dex: 14    Spells: 1/1 levels left

rFire   . . .      SeeInvis .   a - +0 war axe
rCold   . . .      Faith    .   (no shield)
rNeg    . . .      Spirit   .   b - +0 leather armour
rPois   .          Reflect  .   c - +0 helmet
rElec   .          Harm     .   (no cloak)
rCorr   .          Rampage  .   (no gloves)
Will    .....                   (no boots)
Stlth   +.........              (no amulet)
HPRegen 0.07/turn               (no ring)
MPRegen 0.08/turn               (no ring)

@: lethally poisoned (0 -> -6)
A: inability to drink while threatened, weakness stinger 1
a: Renounce Religion


You were on level 1 of the Dungeon.
You worshipped Ru.
Ru was aware of your devotion.
You visited 1 branch of the dungeon, and saw 2 of its levels.

You collected 28 gold pieces.

Inventory:

Hand Weapons
 a - a +0 war axe (weapon)
Missiles
 d - 3 throwing nets (quivered)
 f - 3 poisoned darts
Armour
 b - a +0 leather armour (worn)
 c - a +0 helmet (worn)
Scrolls
 h - a scroll of identify {unknown}
Potions
 e - a potion of flight {unknown}
 g - a potion of resistance {unknown}


   Skills:
 + Level 2.3 Fighting
 + Level 2.9 Axes
 + Level 2.1 Throwing
 + Level 0.7 Armour
 + Level 2.9 Dodging


You had one spell level left.
You didn't know any spells.
Your spell library contained the following spells:

 Spells                   Type           Power      Damage    Failure   Level
 Blink                    Tloc           0%         N/A       61%         2
 Lesser Beckoning         Tloc           0%         N/A       83%         3
 Manifold Assault         Tloc           0%         N/A       100%        5


Dungeon Overview and Level Annotations

Branches:
Dungeon (2/15)

Altars:
Ru


Innate Abilities, Weirdness & Mutations

You sometimes lose the ability to drink potions when taking damage.
You have a small tail.


Message History

The adder barely misses you. The adder bites you but does no damage.
You barely miss the adder. You tail-slap the adder.
The adder is moderately wounded.
The adder barely misses you.
You miss the adder.
The adder is moderately wounded.
The adder bites you but does no damage.
An endoplasm comes into view.
The adder bites you.
You are poisoned.
The adder poisons you!
You feel sick. The adder barely misses you. The adder misses you.
You climb upwards.
You feel sick.
There is a stone staircase leading down here.
You closely miss the adder.
The adder is moderately wounded.
You feel sick.
You are no longer poisoned.
The adder is stunned by your conviction and fails to attack.
The adder bites you.
You feel threatened and lose the ability to drink potions!
You are poisoned.
The adder poisons you!
You closely miss the adder.
The adder is moderately wounded.
You feel very sick.
You redirect the adder's attack!
The adder bites itself.
You closely miss the adder.
The adder is heavily wounded.
You feel sick. The adder barely misses you. The adder bites you.
* * * LOW HITPOINT WARNING * * *
You are more poisoned.
The adder poisons you!
You slash the adder!
You kill the adder!
* * * LOW HITPOINT WARNING * * *
You feel very sick.
You can drink potions again.
You die...

####### #.....#####
#...).....##
########.....###.#.
#>@....'...........
#######.#....#.....###.#.
#.......#.##.#.....# #.#.
#............#.....###...
#.......####.#.....##...♣
#............#.........♣♣
#......................♣.
#.......#..............♣.
#.......#.##.######....♣♣


There were no monsters in sight!

Vanquished Creatures
  An adder (D:1)
  A ball python (D:1)
  2 endoplasms (D:1)
  A giant cockroach (D:1)
  2 goblins (D:1)
  2 hobgoblins (D:1)
  A quokka (D:1)
  2 kobolds (D:1)
  A rat (D:1)
13 creatures vanquished.

Notes
Turn   | Place    | Note
-------+----------+-------------------------------------------
     0 | D:1      | flotson the Demonspawn Gladiator began the quest for the
                  | Orb.
     0 | D:1      | Reached XP level 1. HP: 16/16 MP: 1/1
    26 | D:1      | Found a faded altar of an unknown god.
    44 | D:1      | Found a faded altar of an unknown god.
    52 | D:1      | Prayed at the altar of an unknown god.
    52 | D:1      | Became a worshipper of Ru the Awakened
    58 | D:1      | Gained mutation: You sometimes lose the ability to drink
                  | potions when taking damage. [Ru sacrifice]
    58 | D:1      | Reached * piety under Ru
   262 | D:1      | Gained mutation: You have a small tail. [demonic ancestry]
   262 | D:1      | Reached XP level 2. HP: 22/22 MP: 2/2
   834 | D:1      | HP: 1/22 [poisoned by an adder]
   835 | D:1      | Succumbed to an adder's poison

Illustrated notes

Levels and vault maps discovered:
D:1:      scummos_arrival_simple_crosswalls, layout_basic,
          hellmonk_ecumenical_altar_the_god_not_taken
D:2:      layout_loops_ring, minmay_lizard_king

Skill      XL: |  1  2 |
---------------+-------+-----
Throwing       | 2 |  2.1
Fighting       | |  2.3
Axes           | |  2.9
Armour         | |  0.7
Dodging        | |  2.9

Action                   || total
-------------------------++-------
Melee: War axe           ||    36
       Tailslap          ||     3
Invok: Sacrifice Drink   ||     1
Armor: Leather armour    ||    13
Dodge: Dodged            ||    27

Table legend: (Time is in decaauts)
 A = Elapsed time spent in this place.
 B = Non-inter-level travel time spent in this place.
 C = Inter-level travel time spent in this place.
 D = Time resting spent in this place.
 E = Time spent auto-exploring this place.
 F = Levels seen in this place.
 G = Mean time per level.
                   A        B        C        D        E       F      G
               +--------+--------+--------+--------+--------+-----+--------+
         Total |    848 |    836 |     12 |    156 |    556 |   2 |  424.0 |
       Dungeon |    848 |    836 |     12 |    156 |    556 |   2 |  424.0 |
               +--------+--------+--------+--------+--------+-----+--------+

Top non-repeatable levels by time:
     D:1: 835 daAuts
     D:2: 13 daAuts
